 Dungeon Crawl Stone Soup version 0.23-a0-393-g6e9e0f2 (webtiles) character file.

10271 XanderDroid the Thaumaturge (level 11, -1/82 HPs)
             Began as a Gnoll Wizard on Oct 30, 2018.
             Was a Follower of Ashenzari.
             Shot with an arrow by a centaur (12 damage)
             ... on level 11 of the Dungeon on Oct 31, 2018.
             The game lasted 01:39:26 (13377 turns).

XanderDroid the Thaumaturge (Gnoll Wizard)         Turns: 13377, Time: 01:39:27

Health: -1/82      AC:  9    Str: 10    XL:     11   Next: 59%
Magic:  5/24       EV: 17    Int: 28    God:    Ashenzari [*.....]
Gold:   536        SH:  5    Dex: 14    Spells: 18/29 levels left

rFire    . . .     SeeInvis .   a - +2 short sword (venom)
rCold    . . .     Gourm    .   h - +0 buckler
rNeg     . . .     Faith    .   x - +0 robe
rPois    +         Spirit   .   E - +0 helmet
rElec    .         Reflect  .   l - +0 cloak
rCorr    .         Harm     .   (no gloves)
MR       +....                  (no boots)
Stlth    ++++......             k - amulet "Enutefaf" {RegenMP rPois Int+3} (curse)
HPRegen  0.23/turn              A - ring of protection from magic
MPRegen  0.44/turn              (no ring)

@: about to teleport
A: distributed training, fangs 1, iridescent scales 1, thin metallic scales 1,
clever 1, poison resistance, wild magic 1, strong nose
a: Curse Item, Scrying, Renounce Religion


You were on level 11 of the Dungeon.
You worshipped Ashenzari.
Ashenzari was aware of your devotion.
You were not hungry.

You visited 2 branches of the dungeon, and saw 12 of its levels.

You collected 666 gold pieces.
You spent 130 gold pieces at shops.

Inventory:

Hand Weapons
 a - a +2 short sword of venom (weapon)
 b - a +3 falchion of holy wrath
 r - the +3 trident "Ogre's Death" {pierce, *Slow rPois rC+ rN+ Dex+4}
   (You found it on level 9 of the Dungeon)

   It inflicts extra damage upon your enemies.
   It affects your dexterity (+4).
   It protects you from cold.
   It protects you from poison.
   It protects you from negative energy.
   It may slow you when you take damage.
Missiles
 c - 198 arrows
Armour
 h - a +0 buckler (worn)
 l - a +0 cloak (worn)
 x - a +0 robe (worn)
 E - a +0 helmet (worn)
Jewellery
 k - the cursed amulet "Enutefaf" (around neck) {RegenMP rPois Int+3}
   (You found it on level 5 of the Dungeon)

   [amulet of magic regeneration]

   It increases your magic regeneration.
   It affects your intelligence (+3).
   It protects you from poison.
   It has a curse placed upon it.
 A - a ring of protection from magic (left hand)
Wands
 i - a wand of flame (17)
 v - a wand of iceblast (23)
 C - a wand of disintegration (15)
Scrolls
 e - 3 scrolls of remove curse
 f - a scroll of blinking
 g - 4 scrolls of teleportation
 j - 3 scrolls of amnesia
 m - 4 scrolls of magic mapping
 o - 2 scrolls of enchant weapon
 p - 2 scrolls of fear
 s - 4 scrolls of enchant armour
 y - a scroll of brand weapon
 D - 2 scrolls of identify
Potions
 n - a potion of lignification
 q - a potion of heal wounds
 u - 5 potions of haste
 w - 3 potions of curing
 z - a potion of brilliance
 B - a potion of magic
Comestibles
 d - 13 rations
 t - a chunk of flesh


   Skills:
 + Level 6.3 Fighting
 + Level 6.3 Short Blades
 + Level 6.3 Long Blades
 + Level 6.3 Axes
 + Level 6.3 Maces & Flails
 + Level 6.3 Polearms
 + Level 6.3 Staves
 + Level 6.3 Slings
 + Level 6.3 Bows
 + Level 6.3 Crossbows
 + Level 6.3 Throwing
 + Level 6.3 Armour
 + Level 7.9 Dodging
 + Level 7.7 Stealth
 + Level 6.3 Shields
 + Level 6.3 Unarmed Combat
 + Level 9.6 Spellcasting
 + Level 5.7 Conjurations
 + Level 5.2 Hexes
 + Level 5.2 Charms
 + Level 5.7 Summonings
 + Level 5.2 Necromancy
 + Level 5.7 Translocations
 + Level 5.2 Transmutations
 + Level 5.2 Fire Magic
 + Level 5.2 Ice Magic
 + Level 5.2 Air Magic
 + Level 5.2 Earth Magic
 + Level 5.2 Poison Magic
 + Level 6.9 Invocations
 + Level 6.3 Evocations


You had 18 spell levels left.
You knew the following spells:

 Your Spells              Type           Power        Failure   Level  Hunger
a - Magic Dart            Conj           ####         1%          1    None
b - Blink                 Tloc           N/A          1%          2    None
c - Call Imp              Summ           ######..     1%          2    None
d - Conjure Flame         Conj/Fire      ######..     2%          3    None
e - Mephitic Cloud        Conj/Pois/Air  ######..     2%          3    None

Your spell library contained the following spells:

 Spells                   Type           Power        Failure   Level  Hunger
 Confusing Touch          Hex            ######       1%          1    None
 Slow                     Hex            ######..     1%          2    None
 Gell's Gravitas          Tloc           ######....   2%          3    None
 Confuse                  Hex            ######..     3%          3    None
 Petrify                  Tmut/Erth      ######..     8%          4    None
 Metabolic Englaciation   Hex/Ice        ######....   21%         5    ####...
 Yara's Violent Unravell  Hex/Tmut       ######....   21%         5    ####...


Dungeon Overview and Level Annotations

Branches:
Dungeon (11/15)            Temple (1/1) D:5            Lair (0/6) D:8
    Orc: D:9-12

Altars:
Ashenzari
Cheibriados
Dithmenos
Elyvilon
Fedhas
Gozag
Hepliaklqana
Kikubaaqudgha
Makhleb
Nemelex Xobeh
Okawaru
Qazlal
Ru
Sif Muna
Trog
Uskayaw
Vehumet
Wu Jian
Xom
Yredelemnul
Zin
The Shining One

Shops:
D:4 =   D:6 ?   D:8 }

Annotations:
D:7 1 runed door


Innate Abilities, Weirdness & Mutations

Your experience applies equally to all skills.
You have very sharp teeth.
Your uncanny sense of smell can sniff out nearby items.
You are partially covered in iridescent scales. (AC +2)
You are partially covered in thin metallic scales. (AC +2)
Your mind is acute. (Int +2)
Your system is resistant to poisons. (rPois)
Your spells are a little harder to cast, but a little more powerful.


Message History

Casting: Blink (safe; 1% risk of failure)
Confirm with . or Enter, or press ? or * to list all spells.
You blink.
The centaur wields a +0 shortbow.
The centaur shoots an arrow.
The arrow hits you.
* * * LOW HITPOINT WARNING * * *
As you read the scroll of teleportation, it crumbles to dust.
You feel strangely unstable.
Reactivating autopickup.
You feel a bit more experienced.
The centaur shoots an arrow.
The arrow barely misses you.
The centaur shoots an arrow.
The arrow barely misses you.
The centaur shoots an arrow.
You block the arrow.
The centaur shoots an arrow.
The arrow misses you.
You see here an arrow.
The centaur shoots an arrow.
You block the arrow.
The centaur shoots an arrow.
The arrow closely misses you.
The centaur shoots an arrow.
The arrow hits you!
* * * LOW HITPOINT WARNING * * *
You see here 2 arrows.
The centaur shoots an arrow.
The arrow hits you!
You die...

####### #.....# ###
#.###.###.# #.###.....#
########
....##....###......#
....##.##..........##
....##.##)###.......#
.<........####.##(..######
.>..............@(..'.....
..........###..##(..######
#.......... #..##(..#
#.####.#### #..##...# #..
.... ...##..)# #.. .#. #
∆# #.c.# #... ∆ ∆
#..##c).########
................
.......((#


You could see 2 centaurs.

Vanquished Creatures
  Erolcha (D:10)
  A two-headed ogre (D:8)
  An unseen horror (D:11)
  Pikel (D:7)
  An elephant (D:7)
  A komodo dragon (D:10)
  4 hippogriffs
  2 wyverns (D:9)
  2 basilisks (D:8)
  Menkaure (D:6)
  2 orc warriors
  8 sky beasts
  2 slaves (D:7)
  A hornet zombie (D:9)
  2 ice beasts
  5 ogres
  2 phantoms
  7 centaurs
  A big kobold (D:9)
  3 bullfrogs
  4 scorpions
  26 killer bees
  7 crimson imps
  6 jellies
  13 orc wizards
  A bullfrog zombie (D:9)
  6 orc priests
  4 hounds
  A centaur skeleton (D:7)
  3 iguanas
  7 worker ants
  2 killer bee zombies
  5 gnolls
  2 howler monkey skeletons
  15 adders
  A shadow imp (D:10)
  7 oozes
  An adder skeleton (D:5)
  A worm (D:2)
  A dart slug (D:2)
  5 leopard geckos
  36 orcs
  2 ball pythons
  4 bats
  4 giant cockroaches
  16 goblins
  13 hobgoblins
  10 jackals
  3 quokkas
  4 frilled lizards
  2 jackal skeletons (D:4)
  A jackal zombie (D:8)
  10 kobolds
  A quokka skeleton (D:8)
  7 rats
279 creatures vanquished.

Vanquished Creatures (collateral kills)
  Harold (D:7)
  A crimson imp (D:6)
  Crazy Yiuf (D:7)
  A worker ant (D:6)
  An orc (D:5)
  A giant cockroach (D:6)
6 creatures vanquished.

Vanquished Creatures (others)
  An orc (D:7)
1 creature vanquished.

Grand Total: 286 creatures vanquished

Notes
Turn   | Place    | Note
-------+----------+-------------------------------------------
     0 | D:1      | XanderDroid the Gnoll Wizard began the quest for the Orb.
     0 | D:1      | Reached XP level 1. HP: 13/13 MP: 8/8
   209 | D:1      | Reached XP level 2. HP: 17/19 MP: 7/10
   213 | D:1      | Learned a level 2 spell: Blink
   216 | D:1      | Learned a level 2 spell: Call Imp
   798 | D:2      | Reached XP level 3. HP: 25/25 MP: 8/11
   803 | D:2      | Learned a level 3 spell: Conjure Flame
   932 | D:2      | Reached skill level 1 in Invocations
  1127 | D:2      | Reached skill level 1 in Fighting
  1127 | D:2      | Reached skill level 1 in Short Blades
  1127 | D:2      | Reached skill level 1 in Long Blades
  1127 | D:2      | Reached skill level 1 in Axes
  1127 | D:2      | Reached skill level 1 in Maces & Flails
  1127 | D:2      | Reached skill level 1 in Polearms
  1127 | D:2      | Reached skill level 1 in Staves
  1127 | D:2      | Reached skill level 1 in Slings
  1127 | D:2      | Reached skill level 1 in Bows
  1127 | D:2      | Reached skill level 1 in Crossbows
  1127 | D:2      | Reached skill level 1 in Throwing
  1127 | D:2      | Reached skill level 1 in Armour
  1127 | D:2      | Reached skill level 1 in Shields
  1127 | D:2      | Reached skill level 1 in Unarmed Combat
  1127 | D:2      | Reached skill level 1 in Evocations
  1176 | D:2      | Reached XP level 4. HP: 32/32 MP: 10/13
  1303 | D:2      | Learned a level 3 spell: Mephitic Cloud
  1807 | D:2      | Reached skill level 1 in Hexes
  1807 | D:2      | Reached skill level 1 in Charms
  1807 | D:2      | Reached skill level 1 in Necromancy
  1807 | D:2      | Reached skill level 1 in Transmutations
  1807 | D:2      | Reached skill level 1 in Fire Magic
  1807 | D:2      | Reached skill level 1 in Ice Magic
  1807 | D:2      | Reached skill level 1 in Air Magic
  1807 | D:2      | Reached skill level 1 in Earth Magic
  1807 | D:2      | Reached skill level 1 in Poison Magic
  1818 | D:2      | Reached XP level 5. HP: 6/37 MP: 2/14
  1819 | D:2      | Gained mutation: You occasionally shout uncontrollably at
                  | your foes. [potion of mutation]
  1819 | D:2      | Gained mutation: You evolve. [potion of mutation]
  1819 | D:2      | Gained mutation: Your magical capacity is low. (-10% MP)
                  | [potion of mutation]
  1819 | D:2      | Gained mutation: Your system is resistant to poisons.
                  | (rPois) [potion of mutation]
  1821 | D:2      | Lost mutation: You evolve. [potion of mutation]
  1821 | D:2      | Lost mutation: You occasionally shout uncontrollably at
                  | your foes. [potion of mutation]
  1821 | D:2      | Lost mutation: Your magical capacity is low. (-10% MP)
                  | [potion of mutation]
  1821 | D:2      | Gained mutation: Your mind is acute. (Int +2) [potion of
                  | mutation]
  1821 | D:2      | Gained mutation: You are partially covered in thin metallic
                  | scales. (AC +2) [potion of mutation]
  1821 | D:2      | Gained mutation: Your spells are a little harder to cast,
                  | but a little more powerful. [potion of mutation]
  1821 | D:2      | Gained mutation: You are partially covered in iridescent
                  | scales. (AC +2) [potion of mutation]
  2904 | D:4      | Found a sacrificial altar of Ru.
  3243 | D:4      | Reached XP level 6. HP: 38/44 MP: 6/16
  3271 | D:4      | Found Xicograu's Jewellery Shop.
  3302 | D:4      | Reached skill level 5 in Dodging
  3589 | D:5      | Entered Level 5 of the Dungeon
  3676 | D:5      | Reached XP level 7. HP: 15/50 MP: 0/18
  4061 | D:5      | Found a staircase to the Ecumenical Temple.
  4070 | Temple   | Entered the Ecumenical Temple
  4129 | Temple   | Became a worshipper of Ashenzari the Shackled
  4204 | D:5      | Identified the amulet "Enutefaf" {RegenMP rPois Int+3}
  4277 | D:5      | Found a blossoming altar of Fedhas.
  4831 | D:6      | Reached skill level 5 in Stealth
  5219 | D:6      | Reached XP level 8. HP: 51/57 MP: 12/19
  5643 | D:6      | HP: 2/58 [poisoned by a worker ant]
  5651 | D:6      | HP: 2/58 [poisoned by a worker ant]
  5963 | D:6      | Noticed Menkaure
  5973 | D:6      | Killed Menkaure
  6125 | D:6      | Found Plog's Magic Scroll Boutique.
  6161 | D:6      | Bought a scroll of remove curse for 39 gold pieces
  6161 | D:6      | Bought a scroll of identify for 26 gold pieces
  6161 | D:6      | Bought a scroll of remove curse for 39 gold pieces
  6161 | D:6      | Bought a scroll of identify for 26 gold pieces
  6302 | D:7      | Reached skill level 8 in Spellcasting
  6312 | D:7      | Noticed Harold
  6607 | D:7      | Found a runed door.
  6623 | D:7      | Found a white marble altar of Elyvilon.
  6624 | D:7      | Noticed an angel
  6627 | D:7      | Reached * piety under Ashenzari
  6926 | D:7      | Killed Harold
  6926 | D:7      | Reached XP level 9. HP: 65/65 MP: 13/21
  6962 | D:7      | Found a runed door.
  6970 | D:7      | Noticed Crazy Yiuf
  6975 | D:7      | Killed Crazy Yiuf
  7123 | D:7      | Noticed Pikel
  7251 | D:7      | Killed Pikel
  7760 | D:8      | Found Puohol's Gadget Shoppe.
  8285 | D:7      | Reached skill level 5 in Invocations
  8892 | D:8      | Reached XP level 10. HP: 31/73 MP: 18/22
  9040 | D:8      | Noticed a two-headed ogre
  9074 | D:8      | Killed a two-headed ogre
  9074 | D:8      | Reached skill level 5 in Fighting
  9074 | D:8      | Reached skill level 5 in Short Blades
  9074 | D:8      | Reached skill level 5 in Long Blades
  9074 | D:8      | Reached skill level 5 in Axes
  9074 | D:8      | Reached skill level 5 in Maces & Flails
  9074 | D:8      | Reached skill level 5 in Polearms
  9074 | D:8      | Reached skill level 5 in Staves
  9074 | D:8      | Reached skill level 5 in Slings
  9074 | D:8      | Reached skill level 5 in Bows
  9074 | D:8      | Reached skill level 5 in Crossbows
  9074 | D:8      | Reached skill level 5 in Throwing
  9074 | D:8      | Reached skill level 5 in Armour
  9074 | D:8      | Reached skill level 5 in Shields
  9074 | D:8      | Reached skill level 5 in Unarmed Combat
  9074 | D:8      | Reached skill level 5 in Evocations
  9566 | D:8      | Found a staircase to the Lair.
  9566 | D:8      | Noticed an elephant
  9886 | D:7      | Killed an elephant
  9886 | D:7      | Reached skill level 9 in Spellcasting
 10538 | D:9      | Reached skill level 5 in Conjurations
 10538 | D:9      | Reached skill level 5 in Summonings
 10538 | D:9      | Reached skill level 5 in Translocations
 11023 | D:9      | Got the trident "Ogre's Death" {pierce, *Slow rPois rC+ rN+
                  | Dex+4}
 11027 | D:9      | Identified the +3 trident "Ogre's Death" {pierce, *Slow
                  | rPois rC+ rN+ Dex+4} (You found it on level 9 of the
                  | Dungeon)
 11349 | D:8      | Reached XP level 11. HP: 58/81 MP: 24/24
 12083 | D:10     | Entered Level 10 of the Dungeon
 12246 | D:10     | Noticed Erolcha
 12270 | D:9      | Reached skill level 5 in Hexes
 12270 | D:9      | Reached skill level 5 in Charms
 12270 | D:9      | Reached skill level 5 in Necromancy
 12270 | D:9      | Reached skill level 5 in Transmutations
 12270 | D:9      | Reached skill level 5 in Fire Magic
 12270 | D:9      | Reached skill level 5 in Ice Magic
 12270 | D:9      | Reached skill level 5 in Air Magic
 12270 | D:9      | Reached skill level 5 in Earth Magic
 12270 | D:9      | Reached skill level 5 in Poison Magic
 12661 | D:10     | Killed Erolcha
 13249 | D:10     | Upgraded the game from 0.23-a0-391-g8c51ad5 to
                  | 0.23-a0-393-g6e9e0f2
 13374 | D:11     | Killed an unseen horror
 13377 | D:11     | Shot with an arrow by a centaur

Vault maps used:
D:1:      dpeg_arrival_snail, serial_glass, glass_columns_a, glass_columns_a,
          kennysheep_decorative_pillar, corexii_hall_statues_l
D:2:      hangedman_decor_push
D:3:      kennysheep_the_goblin_king
D:4:      serial_shops, shop, first_ration, nicolae_ru_awakened_eye
D:5:      fedhas_ov_isle_minmay, minmay_temple_entry_butterflies
D:6:      serial_shops, shop_coins, zaba_anthole, uniq_menkaure
D:7:      lemuel_angel_altar, uniq_harold, uniq_pikel, uniq_crazy_yiuf_cottage
D:8:      david_lair_generic, serial_shops, nicolae_shop_crystal,
          enter_bailey_7, hangedman_little_slice_of_home
D:9:      grunt_ministairs_1, minmay_tree_intersection
D:10:     uniq_erolcha
D:11:     minmay_cornered_nines, nrook_guardian_serpent_double
Temple:   nicolae_temple_the_god_donut

Skill      XL: |  1  2  3  4  5  6  7  8  9 10 11 |
---------------+----------------------------------+-----
Conjurations   | 2 3 4 5 |  5.7
Summonings     | 2 3 4 5 |  5.7
Translocations | 2 3 4 5 |  5.7
Invocations    | 1 2 3 4 5 6 |  6.9
Fighting       | 1 2 3 4 5 6 |  6.3
Short Blades   | 1 2 3 4 5 6 |  6.3
Long Blades    | 1 2 3 4 5 6 |  6.3
Axes           | 1 2 3 4 5 6 |  6.3
Maces & Flails | 1 2 3 4 5 6 |  6.3
Polearms       | 1 2 3 4 5 6 |  6.3
Staves         | 1 2 3 4 5 6 |  6.3
Slings         | 1 2 3 4 5 6 |  6.3
Bows           | 1 2 3 4 5 6 |  6.3
Crossbows      | 1 2 3 4 5 6 |  6.3
Throwing       | 1 2 3 4 5 6 |  6.3
Armour         | 1 2 3 4 5 6 |  6.3
Shields        | 1 2 3 4 5 6 |  6.3
Unarmed Combat | 1 2 3 4 5 6 |  6.3
Evocations     | 1 2 3 4 5 6 |  6.3
Hexes          | 1 2 3 4 5 |  5.2
Charms         | 1 2 3 4 5 |  5.2
Necromancy     | 1 2 3 4 5 |  5.2
Transmutations | 1 2 3 4 5 |  5.2
Fire Magic     | 1 2 3 4 5 |  5.2
Ice Magic      | 1 2 3 4 5 |  5.2
Air Magic      | 1 2 3 4 5 |  5.2
Earth Magic    | 1 2 3 4 5 |  5.2
Poison Magic   | 1 2 3 4 5 |  5.2
Dodging        | 5 6 7 |  7.9
Stealth        | 5 6 7 |  7.7
Spellcasting   | 8 9 |  9.6

Action                   |  1- 3 |  4- 6 |  7- 9 | 10-12 || total
-------------------------+-------+-------+-------+-------++-------
Melee: Dagger            |    25 |       |       |       ||    25
       Bite              |     4 |     1 |    22 |    34 ||    61
       Short sword       |    16 |     6 |     7 |   279 ||   308
       Rapier            |       |       |    64 |       ||    64
       Falchion          |       |       |    91 |    29 ||   120
 Cast: Magic Dart        |    67 |   123 |   327 |   322 ||   839
       Call Imp          |       |     3 |     9 |     2 ||    14
       Mephitic Cloud    |       |     3 |    13 |    33 ||    49
       Blink             |       |       |     3 |     7 ||    10
Invok: Curse Item        |       |       |     1 |       ||     1
Evoke: Wand              |       |       |     1 |       ||     1
  Use: Scroll            |       |     8 |     5 |     6 ||    19
       Potion            |       |     9 |     1 |       ||    10
 Stab: Sleeping          |     1 |       |     1 |     1 ||     3
       Confused          |       |       |       |     4 ||     4
       Distracted        |       |       |       |     1 ||     1
  Eat: Chunk             |     1 |     2 |     8 |     6 ||    17
       Ration            |       |     2 |     2 |     3 ||     7
Armor: Robe              |    10 |     8 |    63 |    98 ||   179
Dodge: Dodged            |    52 |    49 |   264 |   256 ||   621
Block: Buckler           |       |       |    44 |    93 ||   137
       Rpst.: Falchion   |       |       |    40 |     3 ||    43

Table legend:
 A = Non-vault XP
 B = Vault XP
 C = Vault XP percentage of total XP
 D = Non-vault monster count
 E = Vault monster count
 F = Vault count percentage of total count
                 A         B        C        D         E       F
            +---------+---------+-------+---------+---------+-------
      Total |   10575 |    4098 |  27.9 |     248 |      35 |  12.4
            +---------+---------+-------+---------+---------+-------
        D:1 |      32 |       0 |   0.0 |      16 |       0 |   0.0
        D:2 |     125 |       0 |   0.0 |      29 |       0 |   0.0
        D:3 |      23 |      12 |  34.3 |       7 |       7 |  50.0
        D:4 |     262 |       0 |   0.0 |      11 |       0 |   0.0
        D:5 |     520 |       0 |   0.0 |      19 |       0 |   0.0
        D:6 |     775 |     238 |  23.5 |      21 |       4 |  16.0
        D:7 |    1170 |    1957 |  62.6 |      36 |       5 |  12.2
        D:8 |    2086 |     509 |  19.6 |      35 |      14 |  28.6
        D:9 |    2509 |     400 |  13.8 |      40 |       4 |   9.1
       D:10 |    1821 |     982 |  35.0 |      25 |       1 |   3.8
       D:11 |    1252 |       0 |   0.0 |       9 |       0 |   0.0
            +---------+---------+-------+---------+---------+-------
